 Dungeon Sprint DCSS version 0.21.2 (webtiles) character file.

8519 Fang the Severer (level 11, -13/78 HPs)
             Began as a Gargoyle Berserker on Dec 21, 2018.
             Was the Champion of Trog.
             Mangled by a fire crab (15 damage)
             ... in the Dungeon (Sprint VII: "The Pits").
             The game lasted 00:03:40 (1653 turns).

Fang the Severer (Gargoyle Berserker)               Turns: 1653, Time: 00:03:41

Health: -13/78     AC: 27    Str: 23    XL:     11   Next: 32%
Magic:  3/3        EV: 10    Int:  9    God:    Trog [******]
Gold:   0          SH:  0    Dex:  9    Spells: 10/10 levels left

rFire    . . .     SeeInvis .   o - +1 executioner's axe (antimagic)
rCold    . . .     Gourm    .   (shield currently unavailable)
rNeg     + . .     Faith    .   n - +2 plate armour
rPois    ∞         Spirit   .   s - +0 helmet
rElec    +         Reflect  .   (no cloak)
rCorr    .         Harm     .   (no gloves)
MR       .....     NoTele   +   (no boots)
Stlth    ..........             (no amulet)
HPRegen  0.23/turn              (no ring)
MPRegen  0.08/turn              (no ring)

@: berserk cooldown, slowed, very slow
A: negative energy resistance 1, electricity resistance, unbreathing,
petrification resistance, rot immunity, AC +8
a: Berserk, Trog's Hand, Brothers in Arms, Burn Spellbooks, Renounce Religion


You were in the Dungeon.
You worshipped Trog.
Trog was exalted by your worship.
You were very hungry.

You visited 1 branch

Inventory:

Hand Weapons
 j - a +2 hand axe
 m - a +1 hand axe of chopping
 o - a +1 antimagic executioner's axe (weapon)
 t - a +1 broad axe of freezing
 u - a +3 antimagic battleaxe
Armour
 b - a +0 animal skin
 n - a +2 plate armour (worn)
 s - a +0 helmet (worn)
Jewellery
 p - a +3 ring of dexterity
 q - a +3 ring of protection
Scrolls
 i - a scroll of blinking
 k - 3 scrolls of remove curse
 l - a scroll of summoning
Potions
 a - 2 potions of invisibility
 d - 8 potions of curing
 e - 6 potions of heal wounds
 f - 2 potions of haste
 g - 4 potions of magic
 h - 4 potions of berserk rage
 r - 3 potions of agility
Comestibles
 c - 8 rations
 v - a chunk of flesh


   Skills:
 + Level 13.6 Fighting
 + Level 17.0 Axes
 + Level 12.6 Armour
 + Level 7.1 Dodging
 + Level 5.4 Stealth


You had 10 spell levels left.
You didn't know any spells.

Dungeon Overview and Level Annotations

Branches:
Dungeon (1/1)

Altars:


Innate Abilities, Weirdness & Mutations

You are resistant to torment.
Your stone body is resilient. (AC +8)
You are immune to poison.
You resist negative energy. (rN+)
You are resistant to electric shocks. (rElec)
You can survive without breathing.
You are immune to petrification.
You are immune to rotting.


Message History

Trog appreciates your killing of a magic user.
Your Axes skill increases to level 17!
You barely miss the dream sheep. The dream sheep completely misses you.
The fire crab barely misses you. The fire crab closely misses you.
The dream sheep bites you.
* * * LOW HITPOINT WARNING * * *
The dream sheep closely misses you. The fire crab closely misses you.
The fire crab claws you.
* * * LOW HITPOINT WARNING * * *
You are engulfed in flames!
* * * LOW HITPOINT WARNING * * *
Your cyclops goes berserk!
You are feeling very hungry.
The dream sheep bites you but does no damage.
The dream sheep bites you.
* * * LOW HITPOINT WARNING * * *
The fire crab closely misses you. The fire crab claws you!
* * * LOW HITPOINT WARNING * * *
You are engulfed in flames!
You die...

###### ############
######
....'..'...### .....
....'..'.....## ....
...##..##.....##
...#
.###....###....#
...#
##........###.###..#
#...#..#...#....#Y.#
)))........'...C@tY+
#)).#..#...#...)#YY#
##........###.###oo#
.###....###....#
o44#
.).##..##.))..##
...# ....'..')....##
.... #...'..'÷..###
..... ############
######


You could see a fire crab, 2 orange demons, an orc sorcerer, 2 orc warriors, 4
dream sheep and a friendly cyclops (berserk).

Vanquished Creatures
  A great orb of eyes (D)
  Harold (D)
  An orc knight (D)
  Pikel (D)
  2 deep elf magi (D)
  A merfolk siren (D)
  An orange demon (D)
  2 red devils (D)
  A merfolk (D)
  A jumping spider (D)
  A tyrant leech (D)
  7 dream sheep (D)
  A redback (D)
  2 ynoxinuls (D)
  A spriggan (D)
  A hungry ghost (D)
  A warg (D)
  A water moccasin (D)
  2 floating eyes (D)
  An ice beast (D)
  2 orc warriors (D)
  Purgy (D)
  4 wolves (D)
  A centaur (D)
  A bullfrog (D)
  3 killer bees (D)
  2 crimson imps (D)
  An iron imp (D)
  2 orc wizards (D)
  A hell rat (D)
  A worker ant (D)
  2 gnolls (D)
  A white imp (D)
  An ooze (D)
  A worm (D)
  A leopard gecko (D)
  3 orcs (D)
  A bat skeleton (D)
  A bat zombie (D)
  A giant cockroach (D)
  2 quokkas (D)
  A frilled lizard (D)
64 creatures vanquished.

Vanquished Creatures (collateral kills)
  A snapping turtle (D)
  An orc warrior (D)
2 creatures vanquished.

Grand Total: 66 creatures vanquished

Notes
Turn   | Place    | Note
-------+----------+-------------------------------------------
     0 | D        | Fang the Gargoyle Berserker began the quest for the Orb.
     0 | D        | Reached XP level 1. HP: 14/14 MP: 1/1
    19 | D        | Reached skill level 3 in Axes
    59 | D        | Reached ** piety under Trog
    59 | D        | Reached XP level 2. HP: 16/20 MP: 2/2
   129 | D        | Noticed an ice beast
   133 | D        | Reached skill level 4 in Axes
   136 | D        | Reached *** piety under Trog
   141 | D        | Reached skill level 5 in Fighting
   141 | D        | Reached skill level 5 in Axes
   141 | D        | Reached XP level 3. HP: 23/26 MP: 3/3
   142 | D        | Killed an ice beast
   142 | D        | Reached skill level 6 in Axes
   142 | D        | Reached skill level 1 in Stealth
   142 | D        | Reached XP level 4. HP: 13/32 MP: 4/4
   142 | D        | Reached XP level 5. HP: 15/37 MP: 5/5
   423 | D        | Reached **** piety under Trog
   425 | D        | Noticed a floating eye
   426 | D        | Noticed a centaur
   426 | D        | Noticed a floating eye
   428 | D        | Killed a floating eye
   428 | D        | Reached skill level 8 in Axes
   428 | D        | Reached XP level 6. HP: 44/44 MP: 6/6
   428 | D        | Paralysed by a floating eye for 3 turns
   436 | D        | Killed a floating eye
   436 | D        | Reached ***** piety under Trog
   436 | D        | Reached skill level 9 in Axes
   493 | D        | Reached XP level 7. HP: 50/50 MP: 7/7
   496 | D        | Noticed a spriggan
   515 | D        | Killed a spriggan
   515 | D        | Reached skill level 10 in Axes
   515 | D        | Reached skill level 5 in Armour
   515 | D        | Reached skill level 5 in Dodging
   553 | D        | Noticed Pikel
   558 | D        | Killed Pikel
   558 | D        | Received a gift from Trog
   558 | D        | Reached skill level 10 in Fighting
   558 | D        | Reached skill level 11 in Axes
   558 | D        | Reached XP level 8. HP: 57/57 MP: 8/8
   585 | D        | Noticed a tyrant leech
   601 | D        | Killed a tyrant leech
   601 | D        | Reached skill level 12 in Axes
   735 | D        | Noticed a redback
   739 | D        | Killed a redback
   739 | D        | Reached XP level 9. HP: 53/63 MP: 9/9
   792 | D        | Noticed a red devil
   793 | D        | Noticed a deep elf mage
   795 | D        | Noticed a red devil
   799 | D        | Killed a red devil
   799 | D        | Received a gift from Trog
   799 | D        | Reached skill level 13 in Axes
   799 | D        | Reached skill level 5 in Stealth
   801 | D        | Killed a deep elf mage
   811 | D        | Reached ****** piety under Trog
   811 | D        | Received a gift from Trog
   814 | D        | Killed a red devil
   820 | D        | Reached skill level 14 in Axes
  1074 | D        | Reached XP level 10. HP: 56/71 MP: 10/10
  1078 | D        | Reached skill level 10 in Armour
  1082 | D        | Received a gift from Trog
  1083 | D        | Reached skill level 15 in Axes
  1265 | D        | Noticed Harold
  1266 | D        | Noticed a great orb of eyes
  1269 | D        | Noticed Purgy
  1272 | D        | Killed Harold
  1277 | D        | Killed Purgy
  1280 | D        | Killed a great orb of eyes
  1297 | D        | Received a gift from Trog
  1352 | D        | Reached skill level 16 in Axes
  1378 | D        | Noticed a deep elf mage
  1591 | D        | Killed a deep elf mage
  1591 | D        | Reached XP level 11. HP: 77/77 MP: 3/11
  1632 | D        | Noticed an orc knight
  1638 | D        | Noticed a fire crab
  1642 | D        | Noticed an orc sorcerer
  1650 | D        | Killed an orc knight
  1652 | D        | Received a gift from Trog
  1652 | D        | Reached skill level 17 in Axes
  1653 | D        | HP: 2/78 [fire crab (8)]
  1653 | D        | Mangled by a fire crab

Skill      XL: |  1  2  3  4  5  6  7  8  9 10 11 |
---------------+----------------------------------+-----
Axes           | 3 5 6 8 9 11 12 14 16 17 | 17.0
Fighting       | 4 5 6 7 8 10 11 12 13 | 13.6
Dodging        | 2 3 4 5 6 7 |  7.1
Armour         | 3 4 5 7 9 12 | 12.6
Stealth        | 1 2 3 4 5 |  5.4

Action                   |  1- 3 |  4- 6 |  7- 9 | 10-12 || total
-------------------------+-------+-------+-------+-------++-------
Melee: Hand axe          |    30 |    20 |    64 |       ||   114
       Broad axe         |       |       |    28 |     8 ||    36
       Battleaxe         |       |       |       |    28 ||    28
       Executioner's axe |       |       |       |    22 ||    22
Invok: Berserk           |     1 |       |     3 |     2 ||     6
       Brothers in Arms  |       |       |     2 |     1 ||     3
  Use: Potion            |       |       |     2 |       ||     2
 Stab: Sleeping          |     1 |       |       |       ||     1
  Eat: Chunk             |       |       |     3 |     3 ||     6
       Ration            |       |       |     1 |       ||     1
Armor: Animal skin       |    13 |       |       |       ||    13
       Plate armour      |       |    13 |    64 |    86 ||   163
Dodge: Dodged            |    32 |    10 |    35 |    51 ||   128
